Map: Acid Plant LE

Players

cyan

  • Race: Protoss Protoss
  • Spawn Location: 5:00

Clem - Winner!

  • Race: Terran Terran
  • Spawn Location: 11:00

Event: WCS Austin 2018

VOD

Have the link to the VOD?

Description

Time

  • Played on: June 1, 2018, 5:53 p.m.
  • Length: 20:49

All games in this series

Show
View Real Time Build Order
Export as new Build Order

cyan Protoss 

Build Orders: 1 Gate Expand, Oracle Opening 

Get SALT Encoding   

  12  0:00  Probe  
  13  0:12  Probe  
  14  0:17  Pylon  
  14  0:24  Probe  
  15  0:32  Probe  
  15  0:36  Gateway  
  15  0:40  Probe  
  16  0:47  Assimilator  
  17  0:51  Probe  
  18  1:03  Probe  
  19  1:15  Probe  
  20  1:23  Nexus  
  20  1:34  Cybernetics Core  
  20  1:37  Probe  
  21  1:42  Assimilator  
  21  1:49  Probe  
  21  1:53  Pylon  
  23  2:01  Probe  
  23  2:02  Adept  
  23  2:13  Probe  
  26  2:18  Stargate  
  26  2:25  Probe, Warp Gate  
  27  2:33  Probe  
  28  2:37  Probe  
  28  2:40  Adept  
  28  2:41  Probe  
  31  2:50  Probe  
  33  2:51  Probe  
  33  2:55  Oracle  
  34  3:02  Probe  
  34  3:03  Probe  
  39  3:11  Pylon  
  39  3:14  Probe  
  39  3:15  Probe  
  43  3:20  Adept  
  43  3:26  Probe  
  44  3:27  Probe  
  44  3:31  Gateway  
  44  3:32  Gateway  
  45  3:38  Probe  
  45  3:39  Probe  
  45  3:41  Oracle, Pylon  
  45  3:50  Probe  
  45  3:51  Probe  
  50  3:57  Assimilator  
  50  4:02  Probe  
  51  4:04  Probe  
  52  4:10  Shield Battery  
  52  4:18  Oracle, Probe  
  52  4:23  Nexus  
  56  4:26  Probe, Pylon  
  57  4:34  Probe, Sentry  
  57  4:35  Adept  
  62  4:38  Pylon  
  62  4:39  Assimilator  
  62  4:44  Probe  
  62  4:45  Adept  
  65  4:46  Shield Battery, Probe  
  65  4:50  Twilight Council  
  66  4:58  Oracle  
  69  5:00  Forge, Probe  
  69  5:01  Probe  
  69  5:04  Adept  
  73  5:07  Adept  
  73  5:13  Probe  
  73  5:14  Adept  
  78  5:23  Pylon  
  78  5:25  Protoss Ground Weapons Level 1, Pylon  
  78  5:30  Shield Battery  
  78  5:33  Blink  
  78  5:34  Probe x2  
  78  5:35  Adept x2  
  84  5:39  Adept  
  86  5:44  Probe  
  66  5:51  Probe  
  66  5:56  Stalker x2  
  71  6:01  Stalker  
  71  6:02  Probe  
  71  6:03  Probe  
  75  6:05  Probe  
  75  6:08  Gateway  
  76  6:12  Gateway  
  76  6:14  Sentry  
  76  6:15  Probe  
  76  6:16  Gateway  
  79  6:18  Sentry  
  79  6:22  Gateway  
  79  6:23  Gateway  
  82  6:25  Probe  
  82  6:26  Sentry  
  82  6:30  Probe  
  85  6:35  Pylon  
  85  6:36  Shield Battery  
  85  6:42  Stalker x2  
  85  6:43  Probe  
  87  6:50  Robotics Facility  
  87  6:53  Stalker  
  87  7:05  Stalker x2  
  91  7:09  Protoss Ground Armor Level 1  
  91  7:11  Sentry  
  91  7:12  Pylon  
  93  7:18  Stalker  
  93  7:21  Probe x2  
  96  7:23  Assimilator, Resonating Glaives  
  96  7:25  Probe  
  96  7:34  Pylon, Zealot x3  
  96  7:35  Zealot  
  96  7:36  Probe x2  
  106  7:43  Probe  
  107  7:47  Stalker  
  107  7:48  Probe x2  
  107  7:50  Stalker x2  
  115  7:54  Assimilator, Pylon  
  115  7:56  Pylon  
  115  7:57  Zealot x2  
  119  7:58  Pylon  
  119  8:01  Pylon  
  119  8:02  Stalker  
  121  8:08  Stalker  
  121  8:12  Robotics Bay  
  123  8:16  Stalker  
  123  8:17  Forge  
  124  8:22  Zealot x2  
  124  8:23  Immortal  
  127  8:33  Robotics Facility  
  127  8:34  Protoss Ground Weapons Level 2  
  131  8:41  Probe  
  131  8:46  Charge  
  131  8:55  Pylon, Zealot x4  
  139  9:00  Stalker x3  
  139  9:01  Disruptor  
  136  9:21  Disruptor  
  136  9:23  Adept x2  
  136  9:24  Adept  
  143  9:25  Adept x2  
  143  9:26  Adept  
  143  9:29  Adept x2  
  143  9:30  Disruptor  
  130  9:43  Protoss Ground Armor Level 2  
  130  9:52  Nexus  
  130  9:55  Pylon  
  130  9:56  Disruptor  
  133  10:02  Stalker x2  
  133  10:04  Zealot x2  
  141  10:07  Disruptor  
  141  10:09  Stalker  
  146  10:20  Stalker x3  
  150  10:29  Adept x4  
  150  10:34  Colossus  
  155  10:44  Protoss Ground Weapons Level 3  
  155  10:46  Warp Prism  
  155  10:47  Extended Thermal Lance  
  157  10:54  Nexus  
  157  10:58  Pylon  
  155  11:20  Colossus, Pylon  
  155  11:23  Photon Cannon x2  
  161  11:36  Probe x3  
  164  11:41  Photon Cannon  
  164  11:42  Colossus, Photon Cannon  
  164  11:44  Pylon  
  164  11:49  Protoss Ground Armor Level 3  
  170  11:57  Adept  
  170  11:58  Adept x4  
  180  12:08  Colossus  
  177  12:13  Adept  
  177  12:14  Adept x2  
  189  12:26  Colossus  
  177  12:45  Adept x5  
  177  12:46  Adept  
  189  12:55  Stargate  
  189  12:57  Stargate  
  189  12:58  Immortal  
  189  13:02  Shield Battery, Assimilator  
  192  13:06  Assimilator  
  192  13:12  Pylon  
  190  13:14  Protoss Shields Level 1  
  186  13:21  Adept x5  
  180  13:30  Stalker x3  
  177  13:43  Stalker  
  177  13:44  Stalker x4  
  175  14:00  Adept x2, Colossus  
  106  14:10  Colossus  
  118  14:28  Stalker x4  
  122  14:32  Nexus  
  122  14:33  Pylon  
  122  14:35  Templar Archives  
  122  14:42  Sentry  
  122  14:43  Sentry  
  122  14:48  Adept  
  122  14:50  Adept  
  126  14:53  Phoenix  
  126  14:54  Colossus  
  131  15:07  Colossus  
  131  15:09  Adept, Void Ray  
  131  15:10  Adept  
  143  15:22  High Templar x2  
  143  15:26  Archon  
  147  15:32  Zealot x2  
  131  16:01  High Templar x2  
  131  16:02  High Templar x2  
  137  16:05  Archon x2, High Templar x2  
  137  16:06  Nexus  
  137  16:08  Archon  
  141  16:15  Warp Prism  
  141  16:16  Stalker x2  
  143  16:38  Zealot x5  
  153  16:53  Stalker x3  
  151  17:03  Stalker x3  
  153  17:09  Stalker  
  155  17:16  Adept  
  155  17:17  Adept x2  
  161  17:36  Fleet Beacon  
  155  17:38  Protoss Air Weapons Level 1  
  155  17:45  Stalker x5  
  163  17:59  Stalker  
  162  18:05  Probe  
  162  18:10  Adept x3, Tempest  
  162  18:11  Adept, Tempest, Zealot x3  
  170  18:22  Tempest  
  184  18:45  Adept x5  
  184  18:47  Adept  
  174  19:11  Photon Cannon  
  174  19:12  Photon Cannon  
  174  19:17  Assimilator  
  174  19:20  Stalker x4  
  174  19:21  Assimilator  
  182  19:25  Pylon  
  182  19:26  Shield Battery  
  159  19:48  Stalker  
  159  19:49  Stalker x2  
  165  19:53  Nexus  
  161  20:13  Stalker x4  
  99  20:24  Stalker  
Show
View Real Time Build Order
Export as new Build Order

Clem Terran - Winner!

Build Orders: Reaper Expand, MMM Bio 

Get SALT Encoding   

  12  0:01  SCV  
  13  0:13  SCV  
  14  0:17  Supply Depot  
  14  0:25  SCV  
  15  0:38  SCV  
  15  0:39  Barracks  
  16  0:44  Refinery  
  16  0:50  SCV  
  17  1:03  SCV  
  18  1:15  SCV  
  19  1:27  Orbital Command, Reaper  
  20  1:41  Command Center  
  20  1:53  Barracks  
  20  1:56  SCV  
  20  2:00  Barracks Reactor  
  21  2:06  Supply Depot  
  21  2:09  SCV  
  22  2:22  SCV  
  23  2:23  Barracks  
  23  2:37  Marine x2  
  23  2:38  SCV  
  23  2:41  Barracks Tech Lab  
  26  2:47  Engineering Bay  
  26  2:50  SCV  
  27  2:53  Orbital Command  
  27  2:57  Marine x2  
  29  3:03  Stimpack  
  29  3:06  SCV  
  29  3:08  Marine  
  29  3:11  Marine  
  32  3:17  Terran Infantry Weapons Level 1  
  32  3:19  SCV  
  33  3:20  SCV  
  33  3:23  Marine x2  
  36  3:29  Marine  
  36  3:30  Barracks Tech Lab  
  36  3:31  Missile Turret  
  36  3:33  SCV  
  38  3:36  SCV  
  39  3:43  Marine  
  39  3:44  Marine  
  39  3:45  SCV  
  42  3:49  Missile Turret  
  42  3:50  Marine  
  42  3:51  SCV, Marine  
  42  3:53  Combat Shield  
  44  3:59  SCV  
  44  4:01  Supply Depot  
  45  4:03  Marine  
  45  4:08  SCV, Marine x3  
  50  4:11  SCV  
  50  4:15  Supply Depot  
  51  4:20  SCV  
  51  4:21  Marine  
  51  4:24  SCV  
  54  4:26  Refinery, Marine  
  54  4:28  Marauder  
  54  4:29  Marauder, Refinery  
  59  4:34  SCV  
  59  4:38  SCV, Marine  
  61  4:44  Marine  
  63  4:47  SCV  
  63  4:48  Supply Depot  
  63  4:50  SCV  
  65  4:54  Factory  
  65  4:56  Marine  
  65  4:59  SCV  
  67  5:00  Marauder  
  67  5:02  Marine  
  67  5:05  Supply Depot  
  70  5:10  Marauder, SCV  
  70  5:11  Concussive Shells  
  73  5:14  Marine  
  73  5:15  Terran Infantry Armor Level 1, SCV  
  73  5:19  Marine  
  76  5:21  Supply Depot  
  76  5:22  SCV  
  76  5:25  Marauder  
  76  5:27  SCV  
  79  5:32  Marauder  
  79  5:33  Refinery  
  81  5:38  SCV  
  81  5:40  Starport, Factory Reactor  
  81  5:42  SCV  
  81  5:49  Marine  
  79  5:50  SCV, Marine  
  79  5:51  Marauder  
  84  5:58  Marauder  
  84  6:03  Command Center  
  85  6:09  Supply Depot  
  85  6:10  Marine x2  
  85  6:12  Marauder  
  85  6:17  Supply Depot  
  87  6:19  Marauder  
  87  6:23  Supply Depot  
  87  6:24  Factory Reactor  
  87  6:25  Medivac x2  
  93  6:28  Marine  
  93  6:30  Marine  
  95  6:34  Barracks  
  95  6:37  Barracks  
  95  6:46  Marine  
  96  6:47  Marauder  
  96  6:48  Marauder, Marine  
  96  6:53  Supply Depot  
  101  6:57  Supply Depot  
  101  6:58  Medivac  
  101  6:59  Medivac  
  101  7:01  SCV  
  106  7:04  Marine  
  107  7:09  Marine  
  107  7:10  Supply Depot  
  107  7:14  SCV  
  109  7:15  Armory, Engineering Bay  
  109  7:19  Orbital Command  
  110  7:22  SCV  
  110  7:23  Barracks Tech Lab  
  110  7:24  Barracks Reactor  
  110  7:28  Widow Mine x2  
  113  7:31  Marine x2  
  113  7:34  Ghost Academy  
  115  7:38  SCV x2  
  117  7:46  Medivac x2  
  117  7:50  SCV x3  
  126  7:54  Marine x2  
  130  8:00  Supply Depot, Widow Mine x2  
  130  8:02  SCV x2  
  136  8:06  Ghost x2  
  136  8:08  Ghost  
  138  8:17  Marine x4  
  142  8:20  SCV x3  
  142  8:21  Widow Mine x2  
  142  8:24  Refinery  
  149  8:27  Refinery  
  149  8:32  SCV x2  
  150  8:38  Terran Infantry Weapons Level 2  
  150  8:42  Supply Depot, Marine  
  150  8:43  Widow Mine  
  150  8:44  SCV  
  150  8:47  Widow Mine  
  156  8:50  Marine x3  
  156  8:54  Supply Depot  
  156  8:55  Liberator, Command Center  
  158  9:04  Widow Mine, SCV x2, Liberator  
  158  9:06  SCV  
  155  9:13  Marauder, Marine x4  
  155  9:16  SCV  
  150  9:18  Marauder  
  150  9:20  Widow Mine  
  155  9:24  SCV  
  155  9:25  SCV  
  155  9:28  Marauder, SCV  
  156  9:32  Widow Mine, Marine x3  
  156  9:33  Marine  
  156  9:35  Marine  
  156  9:38  Liberator  
  156  9:40  Terran Infantry Armor Level 2  
  156  9:44  SCV  
  156  9:49  Widow Mine  
  156  9:50  Marine x3  
  156  9:51  Marine  
  156  9:54  Widow Mine  
  156  9:58  Starport  
  156  9:59  Marauder, Fusion Core  
  163  10:01  Marauder, SCV  
  163  10:05  SCV  
  167  10:10  Medivac  
  167  10:11  Marine x3  
  167  10:12  Marine  
  173  10:16  Planetary Fortress  
  168  10:25  Marauder x2  
  168  10:26  Marauder  
  150  10:34  Widow Mine, Marine  
  153  10:37  SCV x2  
  153  10:38  Medivac  
  153  10:40  Marine x3  
  153  10:47  Marauder x2, Refinery  
  153  10:48  Refinery, Starport Tech Lab  
  153  10:49  Medivac  
  159  10:50  Marauder  
  159  10:51  Sensor Tower  
  159  10:53  Widow Mine  
  159  10:55  Marine  
  159  11:00  Liberator  
  159  11:01  Widow Mine, Marine x2  
  159  11:02  Liberator  
  163  11:06  Barracks  
  163  11:08  Marauder x2, Barracks, Liberator  
  163  11:10  Sensor Tower  
  167  11:13  Terran Infantry Weapons Level 3  
  167  11:14  Marine  
  167  11:17  Widow Mine  
  179  11:26  SCV x2  
  179  11:27  SCV  
  179  11:30  Widow Mine, Marine x3  
  179  11:32  Marauder  
  180  11:34  Marauder  
  180  11:38  Widow Mine  
  184  11:42  Supply Depot, Liberator, Marine  
  184  11:47  Liberator  
  185  11:48  Marine x2  
  185  11:49  Command Center  
  187  11:55  Barracks Tech Lab  
  187  11:56  Barracks Tech Lab  
  187  11:57  Marauder  
  187  12:00  Marine  
  195  12:01  Marauder  
  195  12:04  Widow Mine  
  196  12:09  Marauder  
  198  12:16  Marauder  
  198  12:20  Liberator  
  193  12:25  Barracks Tech Lab, SCV x2, Liberator  
  193  12:28  SCV x2  
  195  12:36  Widow Mine  
  186  12:37  SCV x2  
  186  12:40  SCV x2  
  186  12:42  Marine x4  
  186  12:43  Marauder  
  186  12:44  Marauder  
  200  12:47  Advanced Ballistics  
  200  12:53  Sensor Tower  
  200  12:55  Refinery  
  200  12:56  Sensor Tower  
  200  13:01  Liberator  
  200  13:03  Liberator  
  200  13:08  Liberator  
  192  13:13  SCV x2  
  192  13:14  SCV x2  
  180  13:23  Marine x2  
  180  13:24  Marauder  
  180  13:25  SCV x2  
  180  13:26  SCV x2  
  178  13:28  Widow Mine  
  169  13:37  SCV x2  
  169  13:38  SCV x2  
  172  13:42  Marauder  
  172  13:43  Liberator  
  172  13:46  Marine  
  175  13:49  SCV x2  
  175  13:50  SCV x2  
  157  13:55  Widow Mine  
  157  13:58  Marauder, Widow Mine  
  157  14:01  SCV x2  
  121  14:02  SCV  
  121  14:03  SCV, Medivac  
  121  14:08  Medivac  
  112  14:12  Marauder  
  112  14:15  Liberator  
  112  14:16  SCV  
  113  14:17  SCV x2  
  113  14:19  SCV  
  116  14:28  SCV  
  116  14:29  SCV  
  118  14:31  SCV  
  118  14:33  Marine x2  
  118  14:34  SCV  
  118  14:36  Marauder, Liberator  
  118  14:38  Liberator  
  127  14:40  SCV  
  127  14:42  SCV  
  127  14:43  Planetary Fortress, SCV  
  127  14:46  SCV  
  127  14:51  Widow Mine x2  
  132  14:57  SCV  
  139  15:00  SCV x2, Liberator  
  139  15:05  SCV  
  142  15:09  SCV  
  142  15:10  Marine x2  
  142  15:11  Marine x2  
  142  15:12  Marauder, Widow Mine x2  
  153  15:20  Terran Infantry Armor Level 3  
  154  15:25  Marauder, Marine  
  154  15:26  SCV  
  151  15:30  SCV x2, Marine  
  151  15:33  Widow Mine  
  147  15:38  Widow Mine  
  147  15:42  Marauder, Marine x2  
  142  15:43  SCV  
  142  15:46  SCV x2  
  142  15:48  Marauder  
  144  15:50  Marine  
  144  15:54  SCV  
  144  15:55  SCV  
  147  15:57  SCV  
  148  16:05  SCV x2, Liberator  
  148  16:06  SCV  
  148  16:07  SCV  
  152  16:13  Liberator x2  
  152  16:14  Sensor Tower  
  152  16:16  Widow Mine x2  
  156  16:24  SCV x2  
  156  16:25  SCV  
  167  16:36  SCV  
  167  16:37  SCV x2  
  170  16:46  Marine x4  
  174  16:47  SCV x2  
  174  16:52  Marauder, Widow Mine  
  168  16:55  Liberator x2  
  168  16:56  Marauder  
  168  16:57  Marine x2  
  168  16:58  Marauder  
  157  17:03  Marine  
  157  17:05  Medivac  
  157  17:10  Sensor Tower  
  157  17:13  Marine  
  157  17:14  Marine  
  163  17:16  Marine  
  163  17:20  Marauder  
  166  17:25  Widow Mine x2  
  166  17:27  Liberator  
  164  17:34  Marine  
  164  17:35  Marine x3  
  167  17:38  Liberator  
  167  17:49  SCV x2  
  167  17:50  SCV  
  173  17:53  Widow Mine  
  173  17:58  SCV  
  179  18:00  Marauder  
  179  18:01  SCV  
  179  18:02  Marauder, Marine  
  185  18:06  Marine, Ghost  
  188  18:17  SCV  
  181  18:29  Liberator, Marine x3, Medivac  
  181  18:30  Marauder  
  181  18:32  SCV  
  184  18:36  SCV  
  184  18:40  Widow Mine  
  184  18:42  SCV  
  184  18:44  SCV x2  
  188  18:48  SCV  
  188  18:50  Widow Mine  
  185  19:03  Supply Depot  
  185  19:04  Supply Depot, Command Center  
  185  19:05  Supply Depot  
  185  19:06  Supply Depot  
  185  19:08  Liberator x2  
  182  19:11  Sensor Tower  
  182  19:18  Supply Depot  
  182  19:19  Liberator  
  182  19:25  Marauder x2, Marine x4  
  192  19:34  SCV x2  
  192  19:35  Marauder, Marine  
  191  19:58  Widow Mine  
  191  19:59  Marauder, Marine  
  190  20:00  Marauder, Marine x2  
  190  20:01  Marauder, Marine x2  
  190  20:05  SCV  
  193  20:08  Refinery  
  193  20:12  Refinery  
  163  20:16  Widow Mine  
  163  20:17  Marine  
Tags
 
Add a new tag
Caveats
  • Supply blocks, unpowered buildings, or Contaminate may cause inaccurate times.
  • Supply counts are checked every 10 seconds.